 Dungeon Crawl Stone Soup version 0.25.0-46-gbd7b0854d2 (webtiles) character file.

Game seed: 8271011739412563713

8738 Jimbable the Impaler (level 11, -1/87 HPs)
             Began as a Merfolk Gladiator on July 14, 2020.
             Was a Believer of Okawaru.
             Slain by a cyan ugly thing (9 damage)
             ... on level 11 of the Dungeon.
             The game lasted 00:39:36 (12587 turns).

Jimbable the Impaler (Merfolk Gladiator)           Turns: 12587, Time: 00:39:36

Health: -1/87      AC:  8    Str: 21    XL:     11   Next: 35%
Magic:  11/11      EV: 33    Int:  7    God:    Okawaru [**....]
Gold:   359        SH:  0    Dex: 19    Spells: 10/10 levels left

rFire    . . .     SeeInvis .   V - +1 dire flail
rCold    . . .     Gourm    .   (shield currently unavailable)
rNeg     . . .     Faith    .   a - +0 leather armour
rPois    .         Spirit   .   L - +2 hat
rElec    .         Reflect  .   t - +2 cloak
rCorr    .         Harm     .   (no gloves)
MR       .....                  (no boots)
Stlth    +++.......             B - amulet of the acrobat
HPRegen  0.24/turn              q - +6 ring of strength
MPRegen  0.12/turn              R - ring of wizardry

@: acrobat
A: change form in water, swift swim, stealthy swim
a: Heroism, Renounce Religion


You were on level 11 of the Dungeon.
You worshipped Okawaru.
Okawaru was pleased with you.
You were not hungry.

You visited 1 branch of the dungeon, and saw 11 of its levels.
You also visited: Sewer.

You collected 494 gold pieces.
You spent 135 gold pieces at shops.

Inventory:

Hand Weapons
 i - a +0 halberd
 V - a +1 dire flail (weapon)
 W - a +3 falchion
Missiles
 H - 64 arrows
 I - 13 boomerangs (quivered)
Armour
 a - a +0 leather armour (worn)
 b - a +3 leather armour
 c - a +2 robe of magic resistance
 t - a +2 cloak (worn)
 z - the +5 scale mail of the Ego {+Fly}
   (You bought it in a shop on level 4 of the Dungeon)

   It lets you fly.
 G - a +0 helmet
 L - a +2 hat (worn)
Jewellery
 q - a +6 ring of strength (left hand)
 B - an amulet of the acrobat (around neck)
 O - an uncursed ring of teleportation
 R - a ring of wizardry (right hand)
 U - the cursed ring of Yptujuxu {AC-4 SInv}
   (You took it off a wight on level 11 of the Dungeon)

   [ring of protection]

   It affects your AC (-4).
   It lets you see invisible.
   It has a curse placed upon it.
Wands
 K - a wand of flame (14)
 N - a wand of polymorph (6)
 P - a wand of digging (7)
Scrolls
 g - 7 scrolls of identify
 h - 6 scrolls of remove curse
 l - 2 scrolls of enchant weapon {unknown}
 m - 2 scrolls of immolation {unknown}
 n - 4 scrolls of noise {unknown}
 s - 8 scrolls of teleportation
 v - a scroll of fear {unknown}
 w - a scroll of brand weapon {unknown}
 x - 2 scrolls of amnesia {unknown}
 y - 3 scrolls of enchant armour {unknown}
 F - 3 scrolls of magic mapping {unknown}
 M - a scroll of acquirement {unknown}
 T - a scroll of blinking {unknown}
Potions
 e - 2 potions of mutation {unknown}
 j - 4 potions of stabbing {unknown}
 k - 4 potions of lignification {unknown}
 o - 4 potions of ambrosia {unknown}
 p - 6 potions of curing
 r - a potion of flight {unknown}
 u - a potion of magic {unknown}
 A - 3 potions of degeneration {unknown}
 C - 7 potions of heal wounds {unknown}
 D - 2 potions of might {unknown}
 E - 2 potions of haste {unknown}
 J - a potion of invisibility {unknown}
 Q - a potion of brilliance {unknown}
Comestibles
 f - 25 rations


   Skills:
 + Level 8.8 Fighting
 + Level 15.9 Polearms
 + Level 2.8 Throwing
 + Level 5.3 Armour
 + Level 8.1 Dodging
 + Level 5.6 Stealth


You had 10 spell levels left.
You didn't know any spells.
Your spell library contained the following spells:

 Spells                   Type           Power        Failure   Level  Hunger
 Foxfire                  Conj/Fire      #...         21%         1    ##.....
 Conjure Flame            Conj/Fire      #.......     52%         3    ####...
 Inner Flame              Hex/Fire       #.......     52%         3    ####...
 Sticky Flame             Conj/Fire      #.......     88%         4    #####..
 Fireball                 Conj/Fire      #.........   99%         5    ######.
 Irradiate                Conj/Tmut      #.........   99%         5    ######.
 Hydra Form               Tmut           #.........   100%        6    #######
 Statue Form              Tmut/Erth      #........    100%        6    #######
 Dragon Form              Tmut           #.........   100%        7    #######


Dungeon Overview and Level Annotations

Branches:
Dungeon (11/15)            Temple (0/1) D:4            Lair (0/6) D:10
    Orc (0/2) D:11          Sewer (visited)

Altars:
Fedhas
Kikubaaqudgha
Makhleb
Nemelex Xobeh
Okawaru
Qazlal
Ru
Trog
Vehumet
Wu Jian
Xom
Zin

Shops:
D:4 *   D:10 *


Message History

The cyan ugly thing bites you. The cyan ugly thing shocks you!
You hit the cyan ugly thing.
The cyan ugly thing is moderately wounded.
The cyan ugly thing closely misses you.
You closely miss the cyan ugly thing.
The cyan ugly thing is moderately wounded.
The cyan ugly thing bites you but does no damage.
You hit the cyan ugly thing but do no damage.
The cyan ugly thing is moderately wounded.
The cyan ugly thing bites you!
* * * LOW HITPOINT WARNING * * *
The cyan ugly thing shocks you!
* * * LOW HITPOINT WARNING * * *
You feel like a meek peon again. The cyan ugly thing misses you.
The cyan ugly thing completely misses you.
There is a stone staircase leading up here.
The cyan ugly thing completely misses you.
The cyan ugly thing bites you!
You die...

.. #.# #...........#
#.###.# #......######
...##.# #......## #..##.#
#####>..# ......######
#...# ..)^.......# #...#
..)...####.###...#####
##)#..####...........####
.).............u@........
>.......##.......<...###
.)....#.##.###...#####
...#.......# #...#
.....##.#### #...#
......<.# #...# #..######
##.## #..# #.# ...# #.#


You could see a cyan ugly thing.

Vanquished Creatures
  Harold (D:8)
  The ghost of Ijustatesigmund the Cleaver, a novice OpGl of Cheibriados (D:8)
  An unseen horror (D:10)
  A centaur zombie (D:11)
  Psyche (D:8)
  A gargoyle (D:10)
  A hornet (D:11)
  A hippogriff (D:9)
  A vampire (D:8)
  3 wyverns
  Grum (D:8)
  A hungry ghost (D:7)
  2 basilisks (D:10)
  3 wargs (D:11)
  A water moccasin (D:7)
  A swamp drake (D:10)
  Duvessa (D:6)
  A spectral hornet (D:8)
  An ice beast (D:8)
  A sky beast (D:10)
  A necrophage (D:8)
  2 orc warriors
  2 phantoms (D:8)
  2 ogres
  3 wolves
  A centaur (D:7)
  A crocodile (D:10)
  3 big kobolds
  A spectral wyvern (D:8)
  5 bullfrogs
  A wyvern zombie (D:8)
  Dowan (D:6)
  3 scorpions
  2 killer bees (D:10)
  5 wights (D:11)
  A howler monkey (D:6)
  5 crimson imps
  A bullfrog zombie (D:8)
  A jelly (D:9)
  4 bullfrog skeletons
  2 centaur skeletons
  2 orc priests (D:5)
  3 orc wizards
  Jessica (D:3)
  5 iguanas
  11 worker ants
  A hound zombie (D:8)
  A worker ant zombie (D:7)
  Robin (D:2)
  3 gnolls (D:3)
  A howler monkey skeleton (D:7)
  A river rat (D:5)
  14 adders
  A shadow imp (D:8)
  4 oozes
  3 adder skeletons
  An adder zombie (D:9)
  9 worms
  2 dart slugs (D:2)
  9 leopard geckos
  27 orcs
  2 ball pythons (Sewer)
  5 giant cockroaches
  15 goblins
  8 hobgoblins
  15 jackals
  22 kobolds
  3 quokkas
  9 bats
  9 frilled lizards
  A leopard gecko zombie (D:5)
  A quokka skeleton (D:4)
  12 rats
274 creatures vanquished.

Vanquished Creatures (others)
  2 killer bees (D:10)
2 creatures vanquished.

Grand Total: 276 creatures vanquished

Notes
Turn   | Place    | Note
-------+----------+-------------------------------------------
     0 | D:1      | Jimbable the Merfolk Gladiator began the quest for the Orb.
     0 | D:1      | Reached XP level 1. HP: 16/16 MP: 1/1
   270 | D:1      | Reached skill level 5 in Polearms
   270 | D:1      | Reached XP level 2. HP: 18/22 MP: 2/2
   687 | D:2      | Noticed Robin
   836 | D:1      | Reached XP level 3. HP: 16/28 MP: 3/3
  1183 | D:2      | Killed Robin
  1383 | D:2      | Reached XP level 4. HP: 34/35 MP: 4/4
  1535 | D:2      | Reached skill level 6 in Polearms
  2122 | D:3      | Reached XP level 5. HP: 38/41 MP: 5/5
  2343 | D:3      | Noticed Jessica
  2348 | D:3      | Killed Jessica
  2363 | D:3      | Reached skill level 7 in Polearms
  2613 | D:3      | Reached skill level 1 in Armour
  3015 | D:3      | Found a burning altar of Makhleb.
  3266 | D:4      | Reached skill level 1 in Stealth
  3266 | D:4      | Reached XP level 6. HP: 41/47 MP: 6/6
  3405 | D:4      | Found Ocacw's Assorted Antiques.
  3427 | D:4      | Found a staircase to the Ecumenical Temple.
  3433 | D:4      | Bought an ancient scale mail for 135 gold pieces
  3443 | D:4      | Identified the +5 scale mail of the Ego {+Fly} (You bought
                  | it in a shop on level 4 of the Dungeon)
  3727 | D:4      | Found a burning altar of Makhleb.
  3727 | D:4      | Found a shimmering altar of Xom.
  3777 | D:4      | Reached skill level 8 in Polearms
  3999 | D:5      | Entered Level 5 of the Dungeon
  4029 | D:5      | Reached XP level 7. HP: 45/53 MP: 7/7
  4219 | D:5      | Reached skill level 9 in Polearms
  4616 | D:5      | Found a glowing drain.
  4621 | Sewer    | Entered a sewer
  4821 | Sewer    | Reached skill level 5 in Dodging
  5112 | D:6      | Reached XP level 8. HP: 61/61 MP: 8/8
  5191 | D:6      | Found a glowing silver altar of Zin.
  5209 | D:6      | Reached skill level 10 in Polearms
  5285 | D:6      | Noticed Duvessa
  5300 | D:6      | Noticed Dowan
  5303 | D:6      | Killed Duvessa
  5318 | D:6      | Killed Dowan
  5699 | D:6      | Reached skill level 5 in Fighting
  6025 | D:7      | Reached skill level 11 in Polearms
  6279 | D:7      | Noticed a moth of wrath
  6473 | D:7      | Found a bloodstained altar of Trog.
  6681 | D:8      | Reached XP level 9. HP: 65/69 MP: 9/9
  6734 | D:7      | Reached skill level 12 in Polearms
  6830 | D:8      | Found a transporter.
  6831 | D:8      | Noticed Ijustatesigmund's ghost (novice OpGl)
  6832 | D:8      | Found a transporter.
  7041 | D:8      | Noticed Grum
  7589 | D:8      | Killed Grum
  7786 | D:8      | Noticed Psyche
  7793 | D:8      | Killed Psyche
  7793 | D:8      | Reached skill level 13 in Polearms
  7920 | D:8      | Noticed Harold
  7939 | D:8      | Killed Harold
  7939 | D:8      | Reached XP level 10. HP: 58/79 MP: 10/10
  8988 | D:8      | Reached skill level 14 in Polearms
  9024 | D:8      | Killed Ijustatesigmund's ghost
  9494 | D:9      | Reached skill level 5 in Armour
  9498 | D:9      | Found a blossoming altar of Fedhas.
  9733 | D:9      | Found an iron altar of Okawaru.
  9739 | D:9      | Found an ancient bone altar of Kikubaaqudgha.
  9743 | D:9      | Found a stormy altar of Qazlal.
  9744 | D:9      | Found a radiant altar of Vehumet.
  9745 | D:9      | Found a blossoming altar of Fedhas.
  9747 | D:9      | Found an ornate altar of the Wu Jian Council.
  9747 | D:9      | Found a sacrificial altar of Ru.
  9749 | D:9      | Found a sparkling altar of Nemelex Xobeh.
  9754 | D:9      | Became a worshipper of Warmaster Okawaru
 10049 | D:10     | Entered Level 10 of the Dungeon
 10108 | D:10     | Found Alug Ury's Lightly-Used Armoury.
 10221 | D:10     | Killed an unseen horror
 10221 | D:10     | Reached skill level 15 in Polearms
 10258 | D:10     | Noticed a gargoyle
 10270 | D:10     | Killed a gargoyle
 10543 | D:10     | Reached XP level 11. HP: 85/86 MP: 11/11
 10977 | D:10     | Reached * piety under Okawaru
 11298 | D:10     | Found a staircase to the Lair.
 11440 | D:10     | Reached skill level 5 in Stealth
 12003 | D:11     | Reached ** piety under Okawaru
 12214 | D:11     | Found a staircase to the Orcish Mines.
 12448 | D:11     | Identified the cursed ring of Yptujuxu {AC-4 SInv}
 12519 | D:11     | Noticed a cyan ugly thing
 12565 | D:11     | HP: 3/87 [cyan ugly thing (16)]
 12587 | D:11     | Slain by a cyan ugly thing

Illustrated notes

Levels and vault maps discovered:
D:1:      eino_arrival_druids_welcome, layout_loops_ring
D:2:      layout_loops_cross, minmay_heptomino_h4, uniq_robin
D:3:      layout_basic, bloody_makhleb, uniq_jessica
D:4:      minmay_octagon_keep, layout_loops_ring,
          grunt_temple_overflow_champion_of_chaos, temple_fountains,
          serial_shops, shop_statue
D:5:      layout_basic, first_ration, gup_sewer_entry_spiral
D:6:      layout_loops_ring, kennysheep_little_box, uniq_duvessa
D:7:      layout_cave_pools, tgw_trog
D:8:      layout_layer_cave, gammafunk_ghost_mausoleum, blue_anna_alchemist
          [blue_anna_fruit_fields, blue_anna_fruit_fields], uniq_psyche,
          uniq_grum, uniq_harold
D:9:      layout_basic, grunt_temple_overflow_open, fedhas_altar_fruit_tree
D:10:     layout_roguey, erik_lair_dragon, minmay_shop_damaged
D:11:     layout_loops_cross, minmay_orc_entry_guard_dogs,
          ebering_ghost_funeral_grove

Skill      XL: |  1  2  3  4  5  6  7  8  9 10 11 |
---------------+----------------------------------+-----
Polearms       | 5 6 7 8 9 11 13 15 | 15.9
Fighting       | 3 4 5 7 8 |  8.8
Armour         | 1 2 3 4 5 |  5.3
Stealth        | 1 2 4 5 |  5.6
Dodging        | 5 7 8 |  8.1
Throwing       | |  2.8

Action                   |  1- 3 |  4- 6 |  7- 9 | 10-12 || total
-------------------------+-------+-------+-------+-------++-------
Melee: Trident           |   101 |   172 |       |       ||   273
       Halberd           |       |    91 |   431 |   289 ||   811
       Tailslap          |       |       |     8 |       ||     8
       Dire flail        |       |       |       |     9 ||     9
Throw: Throwing net      |       |       |     4 |     9 ||    13
       Boomerang         |       |       |       |     2 ||     2
Invok: Heroism           |       |       |       |     1 ||     1
  Use: Scroll            |       |       |       |     5 ||     5
 Stab: Sleeping          |       |     6 |     2 |    13 ||    21
       Distracted        |       |     1 |       |     1 ||     2
       Held in net/web   |       |       |       |     5 ||     5
  Eat: Chunk             |     2 |     8 |    15 |    11 ||    36
       Ration            |       |       |       |     1 ||     1
Armor: Leather armour    |    26 |    32 |       |    31 ||    89
       Scale mail        |       |    31 |   154 |    22 ||   207
Dodge: Dodged            |    61 |   127 |   336 |   171 ||   695
